 Dungeon Sprint DCSS version 0.22.1-2-g9c5b331 (webtiles) character file.

30 diana the Cutter (level 2, 0/26 HPs)
             Began as a Demigod Gladiator on Nov 28, 2018.
             Slain by a vampire (8 damage)
             ... in the Dungeon (Sprint IX: "|||||||||||||||||||||||||||||").
             The game lasted 00:01:18 (393 turns).

diana the Cutter (Demigod Gladiator)                 Turns: 393, Time: 00:01:19

Health: 0/26       AC: 13    Str: 17    XL:     2   Next: 84%
Magic:  1/1        EV:  5    Int: 12    God:
Gold:   0          SH:  0    Dex: 17    Spells: 1/1 levels left

rFire    . . .     SeeInvis .   p - +2 rapier (antimagic)
rCold    . . .     Gourm    .   (no shield)
rNeg     . . .     Faith    .   s - +0 plate armour
rPois    .         Spirit   .   c - +0 helmet
rElec    .         Reflect  .   t - +0 cloak
rCorr    .         Harm     .   (no gloves)
MR       .....     NoTele   +   u - +0 pair of boots
Stlth    ..........             (no amulet)
HPRegen  0.08/turn              (no ring)
MPRegen  0.07/turn              (no ring)

@: confused
A: high mp 1
a: no special abilities


You were in the Dungeon.
You were not hungry.

You visited 1 branch

Inventory:

Hand Weapons
 a - a +0 rapier
 p - a +2 antimagic rapier (weapon)
Missiles
 d - 3 throwing nets (quivered)
Armour
 b - a +0 leather armour
 c - a +0 helmet (worn)
 s - a +0 plate armour (worn)
 t - a +0 cloak (worn)
 u - a +0 pair of boots (worn)
Jewellery
 q - a +2 ring of protection
 r - a +3 ring of intelligence
Wands
 o - a wand of iceblast (10)
Scrolls
 k - 2 scrolls of blinking
 m - 3 scrolls of remove curse
 n - 2 scrolls of amnesia
Potions
 e - 5 potions of curing
 g - 3 potions of heal wounds
 h - a potion of haste
 i - 4 potions of magic
 j - a potion of berserk rage
 l - a potion of invisibility
Comestibles
 f - a ration


   Skills:
 + Level 3.5 Fighting
 * Level 5.2 Short Blades
 - Level 1.7 Throwing
 - Level 2.6 Dodging


You had one spell level left.
You didn't know any spells.
Your spell library was empty.

Dungeon Overview and Level Annotations

Branches:
Dungeon (1/1)


Innate Abilities, Weirdness & Mutations

You have an increased reservoir of magic. (+10% MP)


Message History

Something bites you but does no damage.
You bump into the unnaturally hard rock wall.
Something hits you but does no damage. Something bites you but does no damage.
You bump into the unnaturally hard rock wall.
You feel less confused. Something hits you.
Something bites you but does no damage.
A vampire appears from thin air!
Reactivating autopickup.
The vampire gestures at you while chanting.
You are confused.
There is a deep blue altar of Sif Muna here.
You bump into the unnaturally hard rock wall.
There is a sacrificial altar of Ru here.
You bump into the unnaturally hard rock wall.
The vampire hits you but does no damage.
The vampire bites you.
The vampire draws strength from your injuries!
You bump into the unnaturally hard rock wall.
The vampire hits you!
You die...

▓_▓
▓_▓
▓z▓
▓_▓
▓l▓
▓c▓
▓O▓
▓V▓
▓@▓
▓_▓
▓_▓
▓_▓
▓_▓
▓_▓
▓_▓
▓_▓
▓_▓


You could see a vampire, a wyvern, an ogre, a centaur and a wight.

Vanquished Creatures
  A gnoll (D)
  A shadow imp (D)
  A dart slug (D)
  A bat skeleton (D)
  2 goblins (D)
  A hobgoblin (D)
  A jackal (D)
  2 frilled lizards (D)
  A kobold (D)
11 creatures vanquished.

Notes
Turn   | Place    | Note
-------+----------+-------------------------------------------
     0 | D        | diana the Demigod Gladiator began the quest for the Orb.
     0 | D        | Reached XP level 1. HP: 17/17 MP: 3/3
     9 | D        | Reached skill level 3 in Short Blades
    19 | D        | Reached skill level 4 in Short Blades
    64 | D        | Reached XP level 2. HP: 20/25 MP: 4/4
   283 | D        | Found a roughly hewn altar of Beogh.
   283 | D        | Found a snail-covered altar of Cheibriados.
   283 | D        | Found a shadowy altar of Dithmenos.
   283 | D        | Found a white marble altar of Elyvilon.
   283 | D        | Found a blossoming altar of Fedhas.
   283 | D        | Found an opulent altar of Gozag.
   284 | D        | Found a hazy altar of Hepliaklqana.
   285 | D        | Found a viscous altar of Jiyva.
   286 | D        | Found an ancient bone altar of Kikubaaqudgha.
   287 | D        | Found a corrupted altar of Lugonu.
   288 | D        | Found a burning altar of Makhleb.
   289 | D        | Found a sparkling altar of Nemelex Xobeh.
   290 | D        | Found an iron altar of Okawaru.
   291 | D        | Found a stormy altar of Qazlal.
   292 | D        | Found a sacrificial altar of Ru.
   293 | D        | Found a deep blue altar of Sif Muna.
   294 | D        | Found a bloodstained altar of Trog.
   295 | D        | Found a hide-covered altar of Uskayaw.
   296 | D        | Found a radiant altar of Vehumet.
   297 | D        | Found an ornate altar of the Wu Jian Council.
   298 | D        | Found a shimmering altar of Xom.
   299 | D        | Found a basalt altar of Yredelemnul.
   300 | D        | Found a glowing silver altar of Zin.
   301 | D        | Found a glowing golden altar of the Shining One.
   358 | D        | Noticed a wight
   358 | D        | Noticed a wyvern
   358 | D        | Noticed a centaur
   358 | D        | Noticed an ogre
   358 | D        | Noticed a vampire
   363 | D        | Reached skill level 5 in Short Blades
   393 | D        | Slain by a vampire

Skill      XL: |  1  2 |
---------------+-------+-----
Fighting       | 2 3 |  3.5
Short Blades   | 4 5 |  5.2
Throwing       | |  1.7
Dodging        | |  2.6

Action                   || total
-------------------------++-------
Melee: Rapier            ||    34
Armor: Leather armour    ||     7
       Plate armour      ||     8
Dodge: Dodged            ||    21
